[Event "Early-Titled-Tuesday-Blitz-June-18-2024"]
[Site "Chess.com"]
[Date "2024.06.18"]
[Round "1"]
[White "Viktor_Poddubnyi"]
[Black "SmirnovAlexandrA"]
[Result "0-1"]
[WhiteElo "2314"]
[BlackElo "2645"]
[TimeControl "180+1"]
[EndTime "8:06:05 PDT"]
[Termination "SmirnovAlexandrA won on time"]

1. e4 d5 2. exd5 Qxd5 3. Nc3 Qd6 4. d4 Nf6 5. Nf3 a6 6. Bg5 e6 7. Qd2 b5 8. O-O-O Bb7 9. Ne5 Nbd7 10. Bf4 Qb6 11.
Nxd7 Nxd7 12. d5 e5 13. Be3 Bc5 14. Bxc5 Qxc5 15. Ne4 Qb6 16. g3 O-O 17. Bg2 Rfd8 18. Qg5 h6 19. Qh5 Nf6 20. Nxf6+ Qxf6 21. Rhe1 Re8 22. f4 exf4 23. gxf4 Qxf4+ 24. Kb1 Qg5 25. Qf3 Rxe1 26. Rxe1 Rd8 27. Rd1 Rd6 28. b3 c6 29. Qe2 cxd5 0-1

[Event "Early-Titled-Tuesday-Blitz-June-18-2024"]
[Site "Chess.com"]
[Date "2024.06.18"]
[Round "1"]
[White "Chessbard1972"]
[Black "Pelopidass"]
[Result "1-0"]
[WhiteElo "2228"]
[BlackElo "2575"]
[TimeControl "180+1"]
[EndTime "8:06:05 PDT"]
[Termination "Chessbard1972 won by resignation"]

1. e4 e6 2. d4 d5 3. e5 c5 4.
dxc5 Bxc5 5. Bd3 Qb6 6. Qe2 Nc6 7. c3 Nge7 8. Bf4 Ng6 9. Bg3 a5 10. a4 Bd7 11. Nf3 h6 12. O-O Rc8 13. h4 Qd8 14.
h5 Nge7 15. Bh4 Qc7 16. Na3 Bxa3 17. Rxa3 O-O 18. Bg3 Nf5 19. Bxf5 exf5 20. e6 f4 21. exd7 Rcd8 22. Bh4 Rxd7 23. Raa1 Qb6 24. Rad1 Rd6 25. Nd4 Nxd4 26. Rxd4 Re6 27. Qd2 Re4 28. Rxe4 dxe4 29.
Qxf4 Qxb2 30. Qxe4 Qxc3 31. Qxb7 Qc4 32. Be7 Re8 33.
Qd7 Rb8 34. Rd1 Qe4 35. Bd6 Rb2 36. Bg3 Qe2 37. Qd8+ Kh7 38. Qd3+ Qxd3 39. Rxd3 Ra2 40. Rd4 Rc2 41. Bf4 1-0

[Event "Early-Titled-Tuesday-Blitz-June-18-2024"]
[Site "Chess.com"]
[Date "2024.06.18"]
[Round "1"]
[White "GelmanAlexander"]
[Black "sammartin99"]
[Result "1-0"]
[WhiteElo "2653"]
[BlackElo "2336"]
[TimeControl "180+1"]
[EndTime "8:06:06 PDT"]
[Termination "GelmanAlexander won on time"]

1. c4 c5 2. d3 Nc6 3. a3 g6 4. e3 Bg7 5. Nf3 e5 6. Nc3 Nge7 7. Be2 d5 8. cxd5 Nxd5 9. Ne4 b6 10. Qc2 Bb7 11.
O-O O-O 12. Bd2 Qe7 13. Rac1 Rfd8 14. Qb1 Rac8 15. Rfd1 h6 16. h3 Ba6 17. Ng3 Bb7 18. Qc2 f5 19. Qb1 f4 20. Ne4 fxe3 21. fxe3 Nf6 22. Nf2 e4 23. dxe4 Ne5 24. Bc3 Nh5 25.
Nxe5 Bxe5 26. Bxh5 gxh5 27. Qc2 Kh7 28. Bxe5 Qxe5 29.
Rxd8 Rxd8 30. Rd1 Rxd1+ 31. Qxd1 Bxe4 32. Qd7+ Kg6 33. Qxa7 Qxb2 34. Nxe4 Qb1+ 35. Kh2 Qxe4 36. Qxb6+ Kh7 37. Qxc5 h4 38. Qc7+ Kg8 39. Qf4 Qd3 40.
Qxh6 1-0

[Event "Early-Titled-Tuesday-Blitz-June-18-2024"]
[Site "Chess.com"]
[Date "2024.06.18"]
[Round "1"]
[White "dennisodessa"]
[Black "Seppppppy"]
[Result "1-0"]
[WhiteElo "2588"]
[BlackElo "2195"]
[TimeControl "180+1"]
[EndTime "8:06:06 PDT"]
[Termination "dennisodessa won on time"]

1. d4 d5 2. c4 e6 3. Nc3 c6 4. Nf3 dxc4 5. a4 Bb4 6. e4 b5 7. Bg5 Ne7 8. Be2 O-O 9. O-O Bxc3 10. bxc3 f6 11. Be3 a5 12. Qb1 Ba6 13. Qa2 f5 14. axb5 cxb5 15. Qxa5 Qxa5 16. Rxa5 Nbc6 17. Ra2 fxe4 18.
Ng5 Nd5 19. Nxe4 b4 20. Rfa1 b3 21. Rxa6 Rxa6 22. Rxa6 b2 23. Nd2 Nxc3 24. Rxc6 Nxe2+ 25. Kf1 Nc3 26. Rxc4 b1=Q+ 27. Nxb1 Nxb1 28. Rc6 Re8 29. Bc1 Kf7 30. Ke2 Kf6 31. Bb2 Rb8 32. Rc2 Kf5 33.
Kd1 1-0

[Event "Early-Titled-Tuesday-Blitz-June-18-2024"]
[Site "Chess.com"]
[Date "2024.06.18"]
[Round "1"]
[White "LionKing2367890"]
[Black "vladgoncharov"]
[Result "0-1"]
[WhiteElo "2331"]
[BlackElo "2651"]
[TimeControl "180+1"]
[EndTime "8:06:08 PDT"]
[Termination "vladgoncharov won by resignation"]

1. e4 e6 2. d4 d5 3. exd5 exd5 4. Bd3 Nc6 5. c3 Bd6 6. Ne2 Nf6 7. O-O h6 8. Bf4 O-O 9. Nd2 Re8 10. Bxd6 Qxd6 11.
Nf3 Ne4 12. Ng3 Bd7 13. Re1 Nxg3 14. hxg3 Bg4 15. Qd2 Bxf3 16. gxf3 a6 17. Rxe8+ Rxe8 18. Re1 Rxe1+ 19. Qxe1 Kf8 20. Kg2 Nd8 21. f4 Qe6 22. Qe5 Qxe5 23. fxe5 Ke7 24. f4 a5 25. Kf3 g6 26. g4 Ne6 27. f5 Ng5+ 28. Kg3 gxf5 29.
gxf5 f6 30. e6 b6 31. Kg4 c5 32. Kh5 cxd4 33. cxd4 Nf3 34. Kxh6 Nxd4 35. Kg6 Nf3 36.
Kh5 d4 37. Kg4 Ne5+ 38. Kf4 Nxd3+ 39. Ke4 Nxb2 40. Kxd4 Kd6 41. a3 b5 42. Kc3 Na4+ 43. Kd4 Nb6 44. e7 Kxe7 45. Kc5 Nc4 46. a4 bxa4 47. Kxc4 Kd6 48. Kb5 Ke5 49. Kxa4 Kxf5 50. Kxa5 Ke4 0-1

[Event "Early-Titled-Tuesday-Blitz-June-18-2024"]
[Site "Chess.com"]
[Date "2024.06.18"]
[Round "1"]
[White "Rud_Makarian"]
[Black "Hananmo"]
[Result "1-0"]
[WhiteElo "3071"]
[BlackElo "2540"]
[TimeControl "180+1"]
[EndTime "8:06:09 PDT"]
[Termination "Rud_Makarian won by resignation"]

1. d4 Nf6 2. c4 g6 3. Nc3 Bg7 4. e4 d6 5. Be2 O-O 6. Nf3 e5 7.
O-O Nc6 8. d5 Ne7 9. b4 a5 10.
bxa5 Rxa5 11. a4 b6 12. Nd2 Nd7 13. Nb3 Ra8 14. a5 bxa5 15. Nxa5 Nb6 16. Be3 f5 17. f3 Bd7 18. c5 dxc5 19. Nb7 Rxa1 20. Qxa1 Qe8 21.
Nxc5 Nec8 22. Rd1 Nd6 23. Qa7 Qd8 24. Ne6 Bxe6 25. dxe6 fxe4 26. Bxb6 exf3 27. Bxf3 e4 28.
Nxe4 Qh4 29. Bf2 1-0

[Event "Early-Titled-Tuesday-Blitz-June-18-2024"]
[Site "Chess.com"]
[Date "2024.06.18"]
[Round "1"]
[White "aa175"]
[Black "andrzej"]
[Result "1-0"]
[WhiteElo "2836"]
[BlackElo "2478"]
[TimeControl "180+1"]
[EndTime "8:06:09 PDT"]
[Termination "aa175 won by resignation"]

1. e4 e5 2. Nf3 Nf6 3. Nxe5 d6 4.
Nf3 Nxe4 5. Nc3 Nxc3 6. dxc3 Be7 7. Be3 Nd7 8. Bd3 O-O 9. Qd2 Nc5 10. Bxc5 dxc5 11.
O-O-O Bd6 12. Ng5 h6 13. Ne4 Be7 14. Qe3 Be6 15. Nxc5 Bxc5 16. Qxc5 Qg5+ 17. Qxg5 hxg5 18. h4 gxh4 19. Rxh4 g6 20. Rdh1 Kg7 21. Kd2 Rad8 22. Ke3 b6 23. a4 a5 24. g4 Bd5 25. f3 Bc6 26. g5 Rh8 27. Rxh8 Rxh8 28. Rxh8 Kxh8 29.
b3 Kg7 30. Kd4 Bxf3 31. Ke5 Kf8 32. Kf6 Bd1 33. Bc4 Bxc2 34. Bxf7 Bd1 35. Kxg6 c6 36.
Kf6 Bc2 37. g6 Bxg6 38. Bxg6 1-0

[Event "Early-Titled-Tuesday-Blitz-June-18-2024"]
[Site "Chess.com"]
[Date "2024.06.18"]
[Round "1"]
[White "crescentmoon2411"]
[Black "Brown_Bear_MGL"]
[Result "1-0"]
[WhiteElo "2877"]
[BlackElo "2499"]
[TimeControl "180+1"]
[EndTime "8:06:10 PDT"]
[Termination "crescentmoon2411 won by resignation"]

1. e4 c6 2. d4 d5 3. e5 Bf5 4. h4 h5 5. Bd3 Bxd3 6. Qxd3 Qa5+ 7. Nd2 e6 8. Ne2 Qa6 9. c4 Bb4 10. b3 Nh6 11. O-O Nf5 12. Nf3 Be7 13. g3 Nd7 14. Rd1 dxc4 15. bxc4 Nb6 16. c5 Qxd3 17. Rxd3 Nd5 18.
Bg5 f6 19. Bd2 b6 20. a4 Kd7 21. Rb1 Rhb8 22. Rdb3 Kc7 23. Nf4 Kd7 24. Nxh5 Kc8 25.
g4 Nh6 26. exf6 Nxf6 27. Nxf6 gxf6 28. Bxh6 bxc5 29. Rxb8+ Rxb8 30. Rxb8+ Kxb8 31. dxc5 Bxc5 32. Bg7 Be7 33. h5 1-0

[Event "Early-Titled-Tuesday-Blitz-June-18-2024"]
[Site "Chess.com"]
[Date "2024.06.18"]
[Round "1"]
[White "Meri-Arabidze"]
[Black "H3nriqueTV"]
[Result "1-0"]
[WhiteElo "2665"]
[BlackElo "2358"]
[TimeControl "180+1"]
[EndTime "8:06:12 PDT"]
[Termination "Meri-Arabidze won by resignation"]

1. Nf3 d5 2. c4 c6 3. g3 Nf6 4. Bg2 Bf5 5. Qb3 b6 6. O-O e6 7. d3 Bd6 8. Nc3 O-O 9. a3 Bg6 10. Re1 Nbd7 11. Qa2 Rc8 12. b4 Ne5 13. Bb2 Nxf3+ 14.
Bxf3 Be5 15. Rad1 Qe7 16. Qb3 Rfd8 17. Bg2 h6 18. a4 h5 19. a5 h4 20. axb6 axb6 21.
Na4 Rb8 22. Bxe5 Rb7 23. Bxf6 Qxf6 24. b5 c5 25. cxd5 exd5 26. Bxd5 Rbb8 27. Bg2 hxg3 28. hxg3 Rd4 29. Nc3 Rbd8 30. Ra1 c4 31. dxc4 Rd2 32.
Nd5 Qe5 33. Qe3 Qb2 34. Ne7+ Kh7 35. Nxg6 fxg6 36. Qxb6 Re8 37. Ra6 Qc2 38. Bf3 Rd3 39.
Kg2 Rxf3 40. Rh1+ Kg8 41. exf3 Qf5 1-0

[Event "Early-Titled-Tuesday-Blitz-June-18-2024"]
[Site "Chess.com"]
[Date "2024.06.18"]
[Round "1"]
[White "Triumphmate"]
[Black "ilqar_74"]
[Result "0-1"]
[WhiteElo "2493"]
[BlackElo "2862"]
[TimeControl "180+1"]
[EndTime "8:06:14 PDT"]
[Termination "ilqar_74 won by resignation"]

1. e4 c5 2. Nf3 d6 3. d4 cxd4 4. Nxd4 Nf6 5. Nc3 a6 6. f4 e6 7. Nf3 Nc6 8. Bd3 Be7 9. O-O h6 10. a4 O-O 11. Kh1 b6 12. Qe1 Nb4 13. Be3 Nxd3 14.
cxd3 Bb7 15. h3 Bc6 16. Qg3 b5 17. Nd4 Bd7 18. f5 Kh7 19. axb5 axb5 20. Ncxb5 e5 21.
Rxa8 Qxa8 22. Bd2 Qb8 23. Nxd6 Qxd6 24. Nf3 Bb5 25. Nxe5 Nh5 26. Qh2 Bf6 27. Bc3 Re8 28. Nxf7 Ng3+ 29. Kg1 Qb6+ 30. Rf2 Ne2+ 31. Kf1 Nxc3 32.
bxc3 Bxd3+ 33. Kg1 Qb1+ 0-1

[Event "Early-Titled-Tuesday-Blitz-June-18-2024"]
[Site "Chess.com"]
[Date "2024.06.18"]
[Round "1"]
[White "Road2GM3000"]
[Black "GMAkobianSTL"]
[Result "0-1"]
[WhiteElo "2479"]
[BlackElo "2838"]
[TimeControl "180+1"]
[EndTime "8:06:16 PDT"]
[Termination "GMAkobianSTL won by resignation"]

1. d4 e6 2. c4 f5 3. Nf3 Nf6 4. g3 d5 5. cxd5 exd5 6. Nc3 c6 7. Bh3 Bd6 8. Bg5 O-O 9. Qd2 h6 10. Bxf6 Qxf6 11. O-O-O Nd7 12. e3 Nb6 13. Kb1 f4 14.
Bxc8 fxe3 15. fxe3 Nc4 16. Qd3 Raxc8 17. Rhf1 Qe6 18. Rde1 Bb4 19. b3 Na3+ 20. Kb2 Nb5 21. Nxb5 Bxe1 22. Nxa7 Ra8 23. Nxe1 Rxf1 24. Qxf1 Qxe3 25.
Nc2 Qe7 26. Qf4 Qf8 27. Qxf8+ Kxf8 28. Nxc6 bxc6 29. Nb4 Rc8 30. Nd3 Ke7 31. a4 Kd6 32. a5 Rf8 33. a6 Kc7 34. Nc5 Rf2+ 35. Kc3 Kb6 36. Ne6 g5 37. h4 Rf3+ 38. Kb4 Rxg3 39.
hxg5 hxg5 40. a7 Kxa7 41. Kc5 Rc3+ 42. Kd6 g4 43. b4 g3 44. Nf4 Kb6 45. Ke5 0-1

[Event "Early-Titled-Tuesday-Blitz-June-18-2024"]
[Site "Chess.com"]
[Date "2024.06.18"]
[Round "1"]
[White "c63_amg"]
[Black "MeisterJabo"]
[Result "1-0"]
[WhiteElo "2801"]
[BlackElo "2459"]
[TimeControl "180+1"]
[EndTime "8:06:18 PDT"]
[Termination "c63_amg won by checkmate"]

1. e4 e5 2. f4 exf4 3. Nf3 Nf6 4. e5 Qe7 5. d4 d6 6. Bxf4 Nc6 7. Bb5 dxe5 8. Nxe5 Bd7 9. Bxc6 Bxc6 10. O-O O-O-O 11. Nxc6 bxc6 12. Qd3 Kb7 13. Nd2 Nd5 14. Nb3 Qb4 15. a3 Qb5 16. c4 Nxf4 17. Rxf4 Qh5 18. Rf5 Qg4 19. h3 Qg6 20. Raf1 Rd7 21. Na5+ Kc8 22.
c5 Kd8 23. Qa6 Be7 24. Nxc6+ Ke8 25. Qc8+ Bd8 26. Re5+ Qe6 27. Rxe6+ fxe6 28. Nxd8 Rxd8 29. Qxe6# 1-0

[Event "Early-Titled-Tuesday-Blitz-June-18-2024"]
[Site "Chess.com"]
[Date "2024.06.18"]
[Round "1"]
[White "PapaieDudu"]
[Black "ellatambien"]
[Result "0-1"]
[WhiteElo "2365"]
[BlackElo "2680"]
[TimeControl "180+1"]
[EndTime "8:06:18 PDT"]
[Termination "ellatambien won by resignation"]

1. Nf3 d5 2. d4 c5 3. e3 Nf6 4. c3 g6 5. dxc5 Bg7 6. b4 O-O 7. Be2 Ne4 8. Bb2 a5 9. Qb3 b6 10. cxb6 Qxb6 11. O-O Rd8 12. Rd1 Nc6 13. a3 Be6 14. Nd4 Ne5 15. Nd2 Nxd2 16. Rxd2 Nc4 17. Bxc4 dxc4 18. Qc2 Bd7 19. Rad1 axb4 20. cxb4 Ba4 21.
Qxc4 Bxd1 22. Rxd1 e5 23. a4 exd4 24. a5 Qe6 25.
Qxe6 fxe6 26. exd4 Rd5 27. Kf1 e5 28. Ke2 exd4 29.
Kd3 Rb5 30. Kc4 Rab8 31. Ba3 Bf8 32. Rb1 Rxa5 33. bxa5 Rxb1 34. a6 Ra1 0-1

[Event "Early-Titled-Tuesday-Blitz-June-18-2024"]
[Site "Chess.com"]
[Date "2024.06.18"]
[Round "1"]
[White "KubaGepard"]
[Black "talaicito"]
[Result "1-0"]
[WhiteElo "2609"]
[BlackElo "2258"]
[TimeControl "180+1"]
[EndTime "8:06:18 PDT"]
[Termination "KubaGepard won on time"]

1. e4 c5 2. Nf3 d6 3. d4 cxd4 4. Nxd4 Nf6 5. Nc3 g6 6. Be3 Bg7 7. f3 O-O 8. Qd2 Nc6 9. g4 Qa5 10. Nb3 Qd8 11. O-O-O Be6 12. h4 h5 13. gxh5 Nxh5 14. Rg1 Rc8 15. f4 Nb4 16. Kb1 Bxb3 17. cxb3 Qa5 18. Rg5 Qc7 19. Bc4 Kh7 20. Rdg1 a6 21.
Qe2 Bh6 22. Rxh5 gxh5 23. Qxh5 Rg8 24. Qxf7+ Rg7 25. Rxg7+ Bxg7 26. Qh5+ Bh6 27. f5 1-0

[Event "Early-Titled-Tuesday-Blitz-June-18-2024"]
[Site "Chess.com"]
[Date "2024.06.18"]
[Round "1"]
[White "SultaiC"]
[Black "K_A_S_T_O_R"]
[Result "0-1"]
[WhiteElo "2469"]
[BlackElo "2824"]
[TimeControl "180+1"]
[EndTime "8:06:19 PDT"]
[Termination "K_A_S_T_O_R won by checkmate"]

1. e4 c5 2. Nf3 d6 3. d4 cxd4 4. Nxd4 Nf6 5. Nc3 a6 6. Bc4 e6 7. O-O b5 8. Bd3 Be7 9. Be3 Bb7 10. f3 Nbd7 11. Qe1 O-O 12. Rd1 b4 13. Nce2 d5 14.
Ng3 dxe4 15. Nxe4 Nxe4 16. Bxe4 Bxe4 17. fxe4 Qc7 18. Qf2 Rac8 19. Rc1 Nf6 20. Qf3 Qe5 21. Rfe1 Qxe4 22. Qg3 Qg6 23. Qf3 Nd5 24. Bf2 Bf6 25.
Re2 Rfd8 26. h4 h5 27. a3 bxa3 28. bxa3 Rc3 29. Qe4 Qxe4 30. Rxe4 Rxa3 31. c4 Nc3 32. Nc2 Nxe4 33. Nxa3 Nxf2 34. Kxf2 Bb2 35. Rb1 Bxa3 36.
Rb3 Bc5+ 37. Kf3 Rd4 38. Kg3 Rxc4 39. Kh3 Bb4 40. Rb1 a5 41. Rb2 Rc3+ 42. Kh2 Bd6+ 43. g3 Bxg3+ 44. Kh3 Be5+ 45. Kg2 Rg3+ 46. Kh2 Rg4+ 47.
Kh3 Bxb2 48. Kh2 Be5+ 49. Kh3 Rxh4+ 50. Kxh4 g6 51. Kg5 a4 52. Kh4 a3 53. Kg5 a2 54. Kh6 Bf4# 0-1

[Event "Early-Titled-Tuesday-Blitz-June-18-2024"]
[Site "Chess.com"]
[Date "2024.06.18"]
[Round "1"]
[White "santosalberto1987"]
[Black "SoCalJuniorChess"]
[Result "1-0"]
[WhiteElo "2595"]
[BlackElo "2226"]
[TimeControl "180+1"]
[EndTime "8:06:19 PDT"]
[Termination "santosalberto1987 won on time"]

1. e4 d5 2. exd5 Qxd5 3. Nf3 Bg4 4. Be2 c6 5. d4 e6 6. O-O Nf6 7. c4 Qd8 8. Nc3 Bd6 9. h3 Bh5 10. g4 Bg6 11. Ne5 Nbd7 12. f4 h5 13. Nxg6 fxg6 14. Bd3 Nf8 15. Qe2 hxg4 16. hxg4 Qe7 17. Be3 O-O-O 18. Kg2 N8d7 19. Bxg6 Rh6 20. Bd3 Rh4 21. g5 Rg4+ 22. Kf3 Bxf4 23. Bxf4 Rxf4+ 24. Kxf4 e5+ 25. dxe5 Nc5 26. gxf6 gxf6 27. Bf5+ Kb8 28. e6 Rd4+ 29. Kf3 Qd6 30. Kg2 Rd2 31. Rae1 Rxe2+ 32. Rxe2 Nd3 33. Bxd3 Qxd3 34. e7 Qg6+ 35. Kf2 Qf5+ 36. Ke1 1-0

[Event "Early-Titled-Tuesday-Blitz-June-18-2024"]
[Site "Chess.com"]
[Date "2024.06.18"]
[Round "1"]
[White "ilya2700"]
[Black "Sic_Transit_GM"]
[Result "0-1"]
[WhiteElo "2216"]
[BlackElo "2593"]
[TimeControl "180+1"]
[EndTime "8:06:19 PDT"]
[Termination "Sic_Transit_GM won on time"]

1. e4 e5 2. Nf3 Nc6 3. Bc4 Nf6 4. d3 d5 5. exd5 Nxd5 6. O-O Be7 7. Re1 Bg4 8. h3 Bh5 9. g4 Bg6 10. Nxe5 Nxe5 11.
Rxe5 Nb6 12. Bb3 O-O 13. Nc3 Bd6 14. Re1 Kh8 15. Ne4 f5 16. Nxd6 Qxd6 17. g5 f4 18. Qf3 Nd7 19. Re6 Qc5 20. Rxg6 Ne5 21. Qxb7 Nxg6 22.
Qg2 Rae8 23. Bd2 Re2 24. Bc3 Nh4 25. Qf1 f3 26. Kh1 Qxg5 27. Qg1 Ng2 0-1

[Event "Early-Titled-Tuesday-Blitz-June-18-2024"]
[Site "Chess.com"]
[Date "2024.06.18"]
[Round "1"]
[White "ShahMatKanal"]
[Black "IlanSchnaider"]
[Result "0-1"]
[WhiteElo "2472"]
[BlackElo "2828"]
[TimeControl "180+1"]
[EndTime "8:06:20 PDT"]
[Termination "IlanSchnaider won by resignation"]

1. d4 Nf6 2. Nf3 d5 3. c4 c6 4. Nc3 dxc4 5. a4 Bf5 6. Ne5 Nbd7 7. Nxc4 Qc7 8. e3 e5 9. Bd3 Bg4 10. Qc2 exd4 11. exd4 Bb4 12. O-O O-O 13. Bd2 a5 14. Rae1 Rfe8 15. Bg5 Bh5 16. Bh4 Qf4 17. Bg3 Qxd4 18.
Ne3 Bg6 19. Bxg6 hxg6 20. Rd1 Qc5 21. Qb3 Re6 22. Rd3 Qh5 23. Rfd1 Nc5 24. Rd8+ Rxd8 25. Rxd8+ Kh7 26. Qc2 Nfe4 27. Rd4 Bxc3 28. bxc3 Qg5 29.
Nf1 Nf6 30. Qd1 Nh5 31. Bh4 Qe5 32. Bd8 Ne4 33. Ng3 Nxc3 34. Qd2 Qe1+ 35. Nf1 Ne2+ 0-1

[Event "Early-Titled-Tuesday-Blitz-June-18-2024"]
[Site "Chess.com"]
[Date "2024.06.18"]
[Round "1"]
[White "ThetNaung291"]
[Black "Chessgod9oninsta"]
[Result "0-1"]
[WhiteElo "2443"]
[BlackElo "2780"]
[TimeControl "180+1"]
[EndTime "8:06:20 PDT"]
[Termination "Chessgod9oninsta won on time"]

1. d4 d5 2. c4 e6 3. Nf3 Nf6 4. Qb3 Be7 5. Nc3 O-O 6. Bg5 dxc4 7. Qxc4 a6 8. a4 b5 9. Qb3 b4 10. Bxf6 bxc3 11. Bxe7 cxb2 12. Qxb2 Qxe7 13. e3 c5 14. Rc1 cxd4 15. Nxd4 Bb7 16. Be2 a5 17. O-O Na6 18.
Rfd1 Rfc8 19. Bxa6 Rxc1 20. Rxc1 Rxa6 21. h4 h6 22. Qb5 Ra8 23. Rc5 Bd5 24. h5 Qd6 25. Nc6 Kh8 26. Nxa5 Rb8 0-1

[Event "Early-Titled-Tuesday-Blitz-June-18-2024"]
[Site "Chess.com"]
[Date "2024.06.18"]
[Round "1"]
[White "annasargsyan_m"]
[Black "chessbaerchen"]
[Result "1-0"]
[WhiteElo "2606"]
[BlackElo "2189"]
[TimeControl "180+1"]
[EndTime "8:06:21 PDT"]
[Termination "annasargsyan_m won by checkmate"]

1. d4 d5 2. c4 e6 3. Nc3 Nf6 4. Nf3 Bd6 5. Bg5 c6 6. e3 O-O 7. Qc2 h6 8. Bh4 Nbd7 9. O-O-O a5 10. g4 Be7 11. g5 Nh7 12. Rg1 hxg5 13. Bg3 g6 14.
cxd5 exd5 15. Bd3 f5 16. Ne5 Nxe5 17. Bxe5 Bf6 18. f4 Bxe5 19. dxe5 Kg7 20. Ne2 Qe7 21.
Kb1 Be6 22. Nd4 Rac8 23. Nf3 g4 24. Nd4 c5 25. Nxe6+ Qxe6 26. h3 c4 27. Bf1 gxh3 28. Bxh3 Rf7 29. Bg2 Rc5 30. Rd4 Nf8 31. Rgd1 Rd7 32.
Qd2 Qb6 33. Qc3 Qb5 34. e6 Re7 35. Rxc4+ Kg8 36. Rxc5 Qe2 37. Rh1 Rh7 38. Rxh7 Kxh7 39. Rc7+ Kh6 40. Qh8+ Nh7 41. Qxh7# 1-0

[Event "Early-Titled-Tuesday-Blitz-June-18-2024"]
[Site "Chess.com"]
[Date "2024.06.18"]
[Round "1"]
[White "only_strong_moves"]
[Black "gabduschew"]
[Result "1-0"]
[WhiteElo "2645"]
[BlackElo "2314"]
[TimeControl "180+1"]
[EndTime "8:06:23 PDT"]
[Termination "only_strong_moves won by resignation"]

1. Nc3 g6 2. h4 d5 3. h5 e5 4. d4 e4 5. hxg6 fxg6 6. Bf4 c6 7. e3 Bd6 8. Nge2 Nf6 9. Qd2 b5 10. a3 a5 11. Bxd6 Qxd6 12. Nf4 Bf5 13. f3 exf3 14. gxf3 Na6 15. Bd3 Bxd3 16. Qxd3 O-O-O 17. O-O-O Kb7 18. Kb1 Rhe8 19. Nfe2 Qe6 20. e4 dxe4 21. Nxe4 Nxe4 22. Rxh7+ Kb6 23. fxe4 Qxe4 24. Qxe4 Rxe4 25.
Rd2 Rd6 26. Rg7 Nc7 27. c3 Nd5 28. Nc1 Nf4 29. Nb3 Rde6 30. Nc5 Re7 31. Rg8 Re1+ 32. Ka2 Nd5 33. Rf2 b4 34. c4 Ne3 35. Rff8 Nxc4 36. Rb8+ Kc7 37. Rb7+ Kd6 38. Rd8+ 1-0

[Event "Early-Titled-Tuesday-Blitz-June-18-2024"]
[Site "Chess.com"]
[Date "2024.06.18"]
[Round "1"]
[White "BobbyFischer1508"]
[Black "DarkAlekhine"]
[Result "0-1"]
[WhiteElo "2416"]
[BlackElo "2740"]
[TimeControl "180+1"]
[EndTime "8:06:24 PDT"]
[Termination "DarkAlekhine won on time"]

1. b3 e5 2. Bb2 Nc6 3. e3 Nf6 4. Bb5 Bd6 5. Na3 Na5 6. Be2 O-O 7. Nb5 Qe7 8. Nxd6 Qxd6 9. Nf3 Nc6 10. c4 Re8 11.
O-O Qe7 12. d4 d6 13. dxe5 dxe5 14. Qc2 Bg4 15. h3 Bh5 16. a3 Bg6 17. Qc1 a5 18. Rd1 Ne4 19. Nd2 Nc5 20. Qc3 f6 21. Nf1 Red8 22.
Ng3 Ne4 23. Nxe4 Bxe4 24. Rxd8+ Rxd8 25. Rd1 Rxd1+ 26. Bxd1 Qd6 27. Be2 b6 28. Kf1 Nd8 29. f3 Bg6 30. Ke1 Nb7 31. b4 axb4 32. axb4 h6 33.
Qd2 Bf7 0-1

[Event "Early-Titled-Tuesday-Blitz-June-18-2024"]
[Site "Chess.com"]
[Date "2024.06.18"]
[Round "1"]
[White "AnishOnYoutube"]
[Black "Slovineanu"]
[Result "1-0"]
[WhiteElo "3057"]
[BlackElo "2539"]
[TimeControl "180+1"]
[EndTime "8:06:25 PDT"]
[Termination "AnishOnYoutube won by resignation"]

1. Nf3 Nf6 2. c4 e6 3. Nc3 d5 4.
d4 c5 5. cxd5 Nxd5 6. e4 Nxc3 7.
bxc3 cxd4 8. cxd4 Bb4+ 9. Bd2 Bxd2+ 10. Qxd2 O-O 11. h4 Nc6 12. Rd1 Qa5 13. h5 h6 14. Bd3 Qxd2+ 15. Kxd2 Bd7 16. Rb1 b6 17. Rhc1 Rfd8 18. Ke3 Kf8 19. Ba6 Rab8 20. g4 Ke7 21. Rc3 f6 22. a3 Kd6 23. e5+ Ke7 24.
Rbc1 Na5 25. Rc7 Ra8 26. Nd2 Kf8 27. Ne4 fxe5 28. dxe5 Ba4 29. Nd6 Nb3 30. R1c4 Nc5 31. R7xc5 bxc5 32. Rxa4 Rab8 33. Rf4+ Kg8 34. Bc4 Rb2 35.
Bxe6+ Kh8 36. Nf7+ 1-0

[Event "Early-Titled-Tuesday-Blitz-June-18-2024"]
[Site "Chess.com"]
[Date "2024.06.18"]
[Round "1"]
[White "becemix"]
[Black "jamengrand"]
[Result "1-0"]
[WhiteElo "2624"]
[BlackElo "2281"]
[TimeControl "180+1"]
[EndTime "8:06:25 PDT"]
[Termination "becemix won by resignation"]

1. e4 c5 2. c3 d6 3. d4 Nf6 4. Bd3 g6 5. h3 Bg7 6. Nf3 O-O 7. d5 Na6 8. O-O Nc7 9. a4 Rb8 10. Na3 a6 11. a5 e6 12. dxe6 Nxe6 13. Nc4 d5 14.
exd5 Nxd5 15. Be4 Nec7 16. Nb6 Nxb6 17. axb6 Ne6 18. Qxd8 Rxd8 19. Ng5 Nf8 20. Bf4 Ra8 21. Bc7 Re8 22. Bd5 Ne6 23. Rfe1 Nxc7 24. Bxf7+ Kf8 25. bxc7 Rxe1+ 26. Rxe1 Bf6 27. Re8+ Kg7 28. Be6 Bxg5 29. Bxc8 Bf4 30. g3 Kf7 31. Rd8 Bxc7 32. Rd7+ Ke8 33.
Rxc7 Kd8 34. Bxb7 Kxc7 35. Bxa8 1-0

[Event "Early-Titled-Tuesday-Blitz-June-18-2024"]
[Site "Chess.com"]
[Date "2024.06.18"]
[Round "1"]
[White "Juwen"]
[Black "KanalSzachowy"]
[Result "1-0"]
[WhiteElo "2662"]
[BlackElo "2356"]
[TimeControl "180+1"]
[EndTime "8:06:26 PDT"]
[Termination "Juwen won by resignation"]

1. e4 c5 2. Nf3 Nc6 3. d4 cxd4 4.
Nxd4 Nf6 5. Nc3 e5 6. Ndb5 d6 7. Bg5 a6 8. Na3 b5 9. Nab1 Be7 10. Bxf6 Bxf6 11. a4 b4 12. Nd5 O-O 13. Bc4 Bg5 14.
O-O Be6 15. Nd2 a5 16. Nf3 Bh6 17. h3 Kh8 18. Qe2 f5 19. exf5 Bxf5 20. Rad1 Bg6 21. Ne3 e4 22. Nd4 Ne5 23. Ne6 Qh4 24. Nxf8 Rxf8 25.
Ng4 Bh5 26. Be6 Nf3+ 27. gxf3 exf3 28. Qe4 Qxh3 29. Ne3 Bg4 30. Qxg4 1-0

[Event "Early-Titled-Tuesday-Blitz-June-18-2024"]
[Site "Chess.com"]
[Date "2024.06.18"]
[Round "1"]
[White "Alexchess1984"]
[Black "UnTucopalaTimba"]
[Result "1-0"]
[WhiteElo "2566"]
[BlackElo "2096"]
[TimeControl "180+1"]
[EndTime "8:06:26 PDT"]
[Termination "Alexchess1984 won by resignation"]

1. d4 Nf6 2. Bf4 d5 3. e3 c5 4. Nf3 Nc6 5. c3 Qb6 6. Qb3 c4 7. Qxb6 axb6 8. Be2 Bf5 9. Nfd2 e6 10. O-O b5 11. f3 h6 12. Re1 b4 13. Bf1 Be7 14. e4 Bh7 15. exd5 exd5 16. cxb4 Kd7 17. Nc3 Bxb4 18. a3 Bxc3 19. bxc3 Rhe8 20. Be5 Re6 21. g3 Ne8 22. Bh3 f5 23. Nf1 g6 24. Ne3 Nxe5 25.
dxe5 Kc6 26. f4 Nc7 27. Bg2 Bg8 28. Nxc4 Ra4 29. Nb2 Ra5 30. c4 Re8 31. Rac1 Kb6 32. Red1 dxc4 33. Nxc4+ Bxc4 34. Rxc4 Rxa3 35. Rb1+ Nb5 36.
Rcb4 Ra5 37. Bf1 1-0

[Event "Early-Titled-Tuesday-Blitz-June-18-2024"]
[Site "Chess.com"]
[Date "2024.06.18"]
[Round "1"]
[White "snowlord"]
[Black "maximnovik"]
[Result "1-0"]
[WhiteElo "2958"]
[BlackElo "2524"]
[TimeControl "180+1"]
[EndTime "8:06:27 PDT"]
[Termination "snowlord won by resignation"]

1. Nf3 Nf6 2. g3 d5 3. d3 g6 4. Bg2 Bg7 5. Bf4 O-O 6. O-O c5 7. c4 Nc6 8. Ne5 Be6 9. Nxc6 bxc6 10.
Qc2 Nh5 11. Bc1 Rb8 12. Nd2 Qd7 13. Nb3 dxc4 14. dxc4 Rfd8 15. Nxc5 Qc8 16. Nxe6 Qxe6 17. Rb1 h6 18. b3 Rd7 19. Be3 Rbd8 20. Rfd1 Bd4 21.
Bxh6 Qf6 22. e3 Bc5 23. Rxd7 Rxd7 24. h4 Qd6 25. Bf3 Kh7 26. Bg5 Ng7 27. Rd1 Qe6 28. Rxd7 Qxd7 29. h5 Qf5 30. hxg6+ Kxg6 31. Be4 1-0